Cogmind - Beta 11 X5 @@@ ROGUE MODE // 2021.07.11 @ 20:10:15 Player: Decinym Result: Destroyed by as-71301 with Assembled Gauss Rifle Performance ------------- Evolutions (3) 1500 Regions Visited (10) 2000 Robots Destroyed (103) 515 Value Destroyed (3258) 3258 Prototype IDs (39) 780 Alien Tech Used (0) 0 Bonus (2225) 2225 TOTAL SCORE: 10278 Bonus ------- High Alert Combat Kills 532 Follower Combat Kills 21 Aligned with FarCom 300 Met Imprinter 300 Destroyed Z-Imprinter 1000 Triggered Deep Caves Wall 500 Exposed GOLEM Chamber 500 Friendly Fire -928 Cogmind --------- Core Integrity 0/700 Matter 280/300 Energy 100/100 System Corruption 0% Temperature Cool (0) Movement Walking (190) Ox1 Location -7/Deep Caves Parts ------- > --- POWER (1) -------- Zionite Light DM Reactor > --- PROPULSION (5) --- Assembled Alloy Leg Assembled Alloy Leg > --- UTILITY (5) ------ Large Storage Unit Experimental Armor Integrity Analyzer Improved Light Armor Plating GOLEM Unit > --- WEAPON (2) ------- Assembled Focal Cannon Assembled Focal Cannon > --- INVENTORY (15) --- Zionite Light DM Reactor Zionite Light DM Reactor Improved Flight Unit Improved Flight Unit Flying Fortress v7 Medium Storage Unit Zionite Biocell (600) Zionite Metafield Generator Experimental Armor Integrity Analyzer Hardened Heavy Armor Plating Longsword +1 Peak State ------------ > --- POWER ------------ Zionite Light DM Reactor > --- PROPULSION ------- Assembled Alloy Leg Flying Fortress v7 > --- UTILITY ---------- Large Storage Unit Experimental Armor Integrity Analyzer Improved Light Armor Plating GOLEM Unit > --- WEAPON ----------- Improved EM Pulse Cannon Longsword +1 > --- INVENTORY -------- Light Nuclear Core Zionite Light DM Reactor Zionite Light DM Reactor Improved Flight Unit Improved Flight Unit Medium Storage Unit Zionite Biocell Zionite Metafield Generator Experimental Armor Integrity Analyzer Hardened Heavy Armor Plating Improved Medium Armor Plating Shock Rifle Heavy EM Shotgun [Rating: 98] Favorites ----------- Power Ion Engine Engine Ion Engine Power Core Light Nuclear Core Reactor Zionite Light DM Reactor Propulsion Aluminum Leg Treads Light Treads Leg Aluminum Leg Wheel Compact Wheel Flight Unit Flying Fortress v7 Utility Large Storage Unit Device Improved Cooling System Storage Large Storage Unit Processor Transport Network Coupler Protection Improved Medium Armor Plating Weapon Assault Rifle Energy Gun Heavy EM Shotgun Energy Cannon Improved EM Pulse Cannon Ballistic Gun Assault Rifle Launcher Grenade Launcher Slashing Weapon Longsword +1 Build | -11 -10 -10 -10 -9 -8 -7 -7 -7 -7 -7 ------- Run | Scr Mat Min Exi Min Mat Fac Low Low Zio Dee Slots Evolved 6 | . . . . . 4 2 . . . . Power . | . . . . . . . . . . . Propulsion 3 | . . . . . 2 1 . . . . Utility 3 | . . . . . 2 1 . . . . Weapon . | . . . . . . . . . . . Parts Attached 118 | . 10 2 1 6 16 41 7 11 8 16 Power 13 | . 1 1 . . 1 5 2 1 . 2 Engine 8 | . 1 1 . . 1 3 1 1 . . Core 4 | . . . . . . 2 1 . . 1 Reactor 1 | . . . . . . . . . . 1 Propulsion 26 | . 5 . . 3 2 10 . 3 1 2 Treads 5 | . 2 . . . 1 2 . . . . Leg 17 | . 3 . . 3 1 8 . 1 1 . Wheel 2 | . . . . . . . . 2 . . Hover . | . . . . . . . . . . . Flight 2 | . . . . . . . . . . 2 Utility 29 | . 2 . 1 . 2 11 1 1 4 7 Device 7 | . . . . . 1 2 1 . . 3 Storage 3 | . 1 . 1 . . . . . . 1 Processor 5 | . 1 . . . . 1 . . 3 . Hackware . | . . . . . . . . . . . Protection 14 | . . . . . 1 8 . 1 1 3 Artifact . | . . . . . . . . . . . Weapon 50 | . 2 1 . 3 11 15 4 6 3 5 Energy Gun 22 | . . . . 2 6 8 . 3 2 1 Energy Cannon 4 | . . . . . 1 1 . 1 . 1 Ballistic Gun 4 | . 2 1 . . 1 . . . . . Ballistic Cannon . | . . . . . . . . . . . Launcher 10 | . . . . 1 2 2 2 2 . 1 Special Weapon . | . . . . . . . . . . . Impact Weapon . | . . . . . . . . . . . Slashing Weapon 10 | . . . . . 1 4 2 . 1 2 Piercing Weapon . | . . . . . . . . . . . Special Melee Weapon . | . . . . . . . . . . . Unidentified Prototypes 14 | . . . . . 5 . 1 . 2 6 Corrupted Parts 7 | . . . . . 2 5 . . . . System Corruption 33 | . . . . . 2 31 . . . . Parts Lost 25 | . 1 . . 3 1 9 . . . 11 Power 3 | . . . . . . 2 . . . 1 Propulsion 9 | . . . . 2 . 2 . . . 5 Utility 6 | . . . . . . 2 . . . 4 Weapon 7 | . 1 . . 1 1 3 . . . 1 Highest Loss Streak 10 | . 1 . . 3 1 3 . . . 10 Average Slot Usage (%) 92 | . 85 100 100 99 89 92 99 86 94 73 Engine 8 | . 14 14 14 14 9 3 2 7 7 1 Treads 1 | . 15 . . . 3 3 . . . . Leg 26 | . 12 28 28 27 27 31 38 25 27 14 Wheel 1 | . . . . . . . . 3 7 1 Device 3 | . . . . . 6 6 14 8 . 5 Storage 9 | . 14 14 14 14 9 7 7 7 7 7 Processor 9 | . . 14 14 14 9 3 7 7 13 9 Protection 6 | . . . . . 7 13 7 8 14 9 Energy Gun 6 | . . . . 18 8 12 3 8 12 1 Ballistic Gun 9 | . 27 28 28 6 . . . . . . Launcher 1 | . . . . 2 8 . 5 . . . Slashing Weapon 1 | . . . . . . 1 4 4 . 2 Naked Turns . | . . . . . . . . . . . Heaviest Build 66 | 11 29 29 28 30 42 66 55 51 51 64 Greatest Support 84 | 20 40 20 20 20 30 77 67 84 72 72 Greatest Overweight (x) 3 | . 1 1 1 1 1 1 . 3 3 1 Average Overweight (x) . | . . 1 1 1 . . . . . . Largest Inventory Capacity 15 | . 15 15 15 15 15 15 15 15 15 15 Average Capacity 14 | . 12 15 15 15 15 15 15 15 15 15 Most Carried 15 | . 15 15 15 15 15 15 15 15 15 15 Average Carried 14 | . 11 14 13 14 14 14 15 14 14 13 Final Capacity 15 | 8 15 15 15 15 15 15 15 15 15 15 Final Carried 15 | 6 15 15 15 15 14 15 15 15 15 15 Class Distribution -------------------- 75% | Mutant 23% | Scavenger-Mutant Dominant Class ---------------- Mutant | -10/Materials Mutant | -10/Mines Mutant | -10/Exiles Mutant | -9/Mines Scavenger-Mutant | -8/Materials Scavenger-Mutant | -7/Factory Scavenger-Mutant | -7/Lower Caves Mutant | -7/Lower Caves Mutant | -7/Zion Mutant | -7/Deep Caves Resources | -11 -10 -10 -10 -9 -8 -7 -7 -7 -7 -7 ----------- Run | Scr Mat Min Exi Min Mat Fac Low Low Zio Dee Matter Collected 2326 | 200 304 139 . 107 261 667 195 250 37 166 Remotely . | . . . . . . . . . . . Salvage Created 4291 | . 443 119 . 241 557 1380 162 510 . 879 Parts 222 | . 34 12 . 15 35 78 7 24 . 17 Haulers Intercepted 5 | . 2 . . . 2 1 . . . . Recyclers Shooed 3 | . 1 . . 1 1 . . . . . Parts Field Recycled . | . . . . . . . . . . . Retrieved Matter . | . . . . . . . . . . . Parts Self-Destructed 25 | . . . . . . . 7 18 . . Prevented 11 | . . . . . . . . 11 . . Kills | -11 -10 -10 -10 -9 -8 -7 -7 -7 -7 -7 ------- Run | Scr Mat Min Exi Min Mat Fac Low Low Zio Dee Combat Hostiles Destroyed 90 | . 12 8 . 3 10 24 7 13 . 13 Melee 10 | . . . . . . 4 . . . 6 Guns 40 | . 12 8 . 3 3 12 . 1 . 1 Cannons 4 | . . . . . 2 . . . . 2 AOE 30 | . . . . . 5 6 7 12 . . Classes Destroyed 16 | . 4 . . 1 4 3 . 1 . 3 Worker 6 | . . . . 3 1 2 . . . . Builder 2 | . . . . . 1 1 . . . . Hauler 5 | . 2 . . . 2 1 . . . . Recycler 2 | . . . . . 1 1 . . . . Operator 1 | . . . . . . 1 . . . . Watcher 4 | . 1 . . . 2 1 . . . . Swarmer 30 | . 6 8 . . 4 3 3 6 . . Grunt 34 | . 6 . . 3 3 14 4 4 . . Brawler 1 | . . . . . . . . 1 . . Duelist 2 | . . . . . . 1 . 1 . . Sentry 5 | . . . . . 2 2 . 1 . . Hunter 2 | . . . . . 1 1 . . . . Programmer 3 | . . . . . . 3 . . . . Z-Light 2 | . . . . . . . . . . 2 Assembled 5 | . . . . . . . . . . 5 Golem 5 | . . . . . . . . . . 5 Thug 1 | . . . . . 1 . . . . . Best Kill Streak 11 | . 4 3 . 3 11 9 4 7 . 8 Combat Bots Only 8 | . 4 3 . 3 7 5 4 7 . 8 Max Kills in Single Turn 4 | . 1 1 . 1 3 2 4 4 . 1 Gunslinging . | . . . . . . . . . . . Exploded 4 | . . . . . 2 2 4 4 . . Melee 1 | . . . . . . 1 . . . 1 Uniques/NPCs Destroyed 2 | . . . . 1 . . . . . 1 YI-UF0 (-9/Mines) Z-Imprinter (-7/Deep Caves) Combat | -11 -10 -10 -10 -9 -8 -7 -7 -7 -7 -7 -------- Run | Scr Mat Min Exi Min Mat Fac Low Low Zio Dee Damage Taken 6412 | . 601 209 . 383 378 2145 54 471 . 2171 Core 959 | . 88 41 . 67 54 253 17 48 . 391 Absorbed by Shields . | . . . . . . . . . . . Core Remaining (%) 70 | 100 . . . 21 90 . . . . . Volleys Fired 252 | . 60 14 . 22 33 70 4 16 . 33 Largest 2 | . 2 2 . 2 2 2 1 2 . 1 Hottest 119 | . 40 40 . 80 90 119 39 119 . 69 Shots Fired 413 | . 120 28 . 43 38 121 6 24 . 33 Gun 338 | . 120 28 . 43 23 102 2 9 . 11 Cannon 42 | . . . . . 4 11 . 5 . 22 Launcher 33 | . . . . . 11 8 4 10 . . Special . | . . . . . . . . . . . Kinetic 170 | . 120 28 . 22 . . . . . . Thermal 4 | . . . . . 4 . . . . . Explosive 28 | . . . . . 11 8 4 5 . . Electromagnetic 211 | . . . . 21 23 113 2 19 . 33 Robot Hit Streak 31 | . 12 6 . 8 12 15 17 19 . 31 Robot Miss Streak 6 | . 3 2 . 4 4 6 . 2 . 3 Penetration Max . | . . . . . . . . . . . Secondary Targets 6 | . 1 1 . 1 . 3 . . . . Max Gunslinging Chain 1 | . 1 1 . 1 . 1 . . . . Shots Hit Robots 307 | . 77 17 . 28 27 89 2 18 . 49 Core Hits 220 | . 25 8 . 12 33 68 13 23 . 38 Critical Kills . | . . . . . . . . . . . Critical Parts Destroyed 1 | . 1 . . . . . . . . . Critical Strikes 3 | . 1 . . 1 . . . . . 1 Destroy 1 | . 1 . . . . . . . . . Corrupt 2 | . . . . 1 . . . . . 1 Melee Attacks 68 | . . . . . 2 9 3 . 17 37 Impact . | . . . . . . . . . . . Slashing 68 | . . . . . 2 9 3 . 17 37 Piercing . | . . . . . . . . . . . Sneak Attacks 2 | . . . . . 2 . . . . . Combat Hostiles . | . . . . . . . . . . . Follow-up Attacks . | . . . . . . . . . . . Damage Inflicted 8986 | . 833 215 . 385 1415 2725 548 1227 . 1638 Guns 3093 | . 833 215 . 335 278 1136 . 112 . 184 Cannons 908 | . . . . . 100 255 . 73 . 480 Explosions 3410 | . . . . 50 787 983 548 1042 . . Melee 1575 | . . . . . 250 351 . . . 974 Ramming . | . . . . . . . . . . . Kinetic 1248 | . 833 215 . 200 . . . . . . Thermal 633 | . . . . 50 205 288 . 90 . . Explosive 2505 | . . . . . 682 695 548 580 . . Electromagnetic 3025 | . . . . 135 278 1391 . 557 . 664 Impact . | . . . . . . . . . . . Slashing 1575 | . . . . . 250 351 . . . 974 Piercing . | . . . . . . . . . . . Highest Corruption 37 | . . . . . 2 37 37 37 37 . Average Corruption 29 | . . . . . 1 29 37 37 37 . Corruption Purged . | . . . . . . . . . . . Effects 138 | . . . . . 1 60 36 37 4 . Message Errors 36 | . . . . . . 15 9 11 1 . Matter Fused 29 | . . . . . . 10 8 8 3 . Heat Flow Errors 10 | . . . . . . 6 3 1 . . Energy Discharges 19 | . . . . . 1 5 6 7 . . Parts Rejected 1 | . . . . . . 1 . . . . Data Loss (minor) 17 | . . . . . . 6 5 6 . . Data Loss (major) 6 | . . . . . . 3 1 2 . . Misfires 10 | . . . . . . 6 2 2 . . Alerts 1 | . . . . . . 1 . . . . Misdirections 4 | . . . . . . 2 2 . . . Weapon Failures 5 | . . . . . . 5 . . . . Overload Shots . | . . . . . . . . . . . Overflow Damage 208 | . . . . . 32 48 8 34 . 86 Projectiles 29 | . . . . . . 29 . . . . Explosions 84 | . . . . . 23 19 8 34 . . Melee 95 | . . . . . 9 . . . . 86 Knockbacks . | . . . . . . . . . . . Impact . | . . . . . . . . . . . Kinetic . | . . . . . . . . . . . Secondary . | . . . . . . . . . . . Self-Inflicted Damage 385 | . . . . 38 . 156 . 191 . . Shots 15 | . . . . 1 . 7 . 7 . . Rammed . | . . . . . . . . . . . Targets Rammed . | . . . . . . . . . . . Kicked . | . . . . . . . . . . . Crushed . | . . . . . . . . . . . Highest Temperature 322 | . 24 . . 48 108 301 130 192 . 322 Average Temperature 83 | . 7 . . 21 36 116 71 53 . 91 Received Heat Transfer 1692 | . 246 . . 186 72 522 27 45 . 594 Effects 11 | . . . . . . 9 . . . 2 Energy Bleed 2 | . . . . . . 2 . . . . Interference 9 | . . . . . . 7 . . . 2 Siege Activations . | . . . . . . . . . . . Robots Corrupted 6 | . . . . . . 2 . . . 4 Combat Hostiles 6 | . . . . . . 2 . . . 4 Parts Fried 7 | . . . . . 2 4 . 1 . . Impact Corruptions . | . . . . . . . . . . . Robots Melted . | . . . . . . . . . . . Combat Hostiles . | . . . . . . . . . . . Parts Melted . | . . . . . . . . . . . Heat Transferred 698 | . . . . 100 248 250 . 100 . . Parts Sabotaged . | . . . . . . . . . . . Parts Stolen 4 | . . . . . . . . 4 . . Parts Stripped . | . . . . . . . . . . . Power Chain Reactions 9 | . . . . 1 2 5 . 1 . . Missiles Intercepted . | . . . . . . . . . . . Alert | -11 -10 -10 -10 -9 -8 -7 -7 -7 -7 -7 ------- Run | Scr Mat Min Exi Min Mat Fac Low Low Zio Dee Peak Influence 932 | . 256 169 . 79 359 932 . . . . Initial 117 | . . 99 . . 30 117 . . . . Average 192 | . 106 48 . 28 148 470 . . . . Maximum Alert Level 3 | . 1 . . . 1 3 . . . . Low Security (%) 74 | . 85 100 . 100 63 37 . . . . Level 1 11 | . 14 . . . 36 14 . . . . Level 2 2 | . . . . . . 9 . . . . Level 3 11 | . . . . . . 38 . . . . Level 4 . | . . . . . . . . . . . Level 5 . | . . . . . . . . . . . High Security . | . . . . . . . . . . . Max Security . | . . . . . . . . . . . Squads Dispatched 12 | . 2 . . . 1 8 . 1 . . Investigation 2 | . . . . . . 2 . . . . Extermination 2 | . . . . . . 2 . . . . Reinforcement 5 | . 2 . . . . 3 . . . . Assault 2 | . . . . . . 1 . 1 . . Garrison 1 | . . . . . 1 . . . . . Intercept . | . . . . . . . . . . . Construction Impeded 1 | . . . . . . 1 . . . . Haulers Reinforced . | . . . . . . . . . . . Cargo Convoy Interrupts 1 | . . . . . . 1 . . . . Stealth | -11 -10 -10 -10 -9 -8 -7 -7 -7 -7 -7 --------- Run | Scr Mat Min Exi Min Mat Fac Low Low Zio Dee Distress Signals 6 | . 1 1 . . 3 1 . . . . Communications Jammed 1 | . . . . . 1 . . . . . Distress Signals 1 | . . . . . 1 . . . . . Times Spotted 126 | . 26 8 . 6 14 34 6 13 . 19 Peak Tracking Total 8 | . 6 3 . 3 5 6 4 7 . 8 Tactical Retreats 7 | . 2 . . . 1 4 . . . . Traps | -11 -10 -10 -10 -9 -8 -7 -7 -7 -7 -7 ------- Run | Scr Mat Min Exi Min Mat Fac Low Low Zio Dee Traps Triggered 1 | . . . . . . 1 . . . . Indirectly . | . . . . . . . . . . . Trap Hack Attempts . | . . . . . . . . . . . Triggered . | . . . . . . . . . . . Disarmed . | . . . . . . . . . . . Reprogrammed . | . . . . . . . . . . . Reused . | . . . . . . . . . . . Traps Extracted . | . . . . . . . . . . . Installed 3 | . . . 3 . . . . . . . Triggered 1 | . . . . . . 1 . . . . Machines | -11 -10 -10 -10 -9 -8 -7 -7 -7 -7 -7 ---------- Run | Scr Mat Min Exi Min Mat Fac Low Low Zio Dee Machines Disabled 7 | . . . . . 1 3 . 1 . 2 Max in Single Turn 1 | . . . . . 1 1 . 1 . 1 Machines Sabotaged . | . . . . . . . . . . . Garrisons Compromised 1 | . . . . . . 1 . . . . Overloaded Fab Kills . | . . . . . . . . . . . Fab Network Shutdowns . | . . . . . . . . . . . Hacking | -11 -10 -10 -10 -9 -8 -7 -7 -7 -7 -7 --------- Run | Scr Mat Min Exi Min Mat Fac Low Low Zio Dee Machines Accessed 17 | . 2 . 2 . 4 8 . . 1 . Terminals 12 | . 2 . . . 4 6 . . . . Fabricators 1 | . . . . . . 1 . . . . Repair Stations 1 | . . . . . . 1 . . . . Recycling Units . | . . . . . . . . . . . Scanalyzers . | . . . . . . . . . . . Garrison Access . | . . . . . . . . . . . Total Hacks 41 | . 9 . 6 . 7 17 . . 2 . Successful 18 | . 2 . 6 . 3 5 . . 2 . Failed 23 | . 7 . . . 4 12 . . . . Catastrophic 8 | . 3 . . . 1 4 . . . . Database Lockouts . | . . . . . . . . . . . Manual 27 | . 9 . 1 . 4 13 . . . . Terminals 30 | . 9 . . . 7 14 . . . . Fabricators 1 | . . . . . . 1 . . . . Repair Stations 2 | . . . . . . 2 . . . . Recycling Units . | . . . . . . . . . . . Scanalyzers . | . . . . . . . . . . . Garrison Access . | . . . . . . . . . . . Terminal Hacks 13 | . 2 . 6 . 3 . . . 2 . Record 5 | . . . 5 . . . . . . . Part Schematic 4 | . 2 . . . . . . . 2 . Robot Analysis 1 | . . . . . 1 . . . . . Branch Access Points 1 | . . . . . 1 . . . . . Hauler Manifests 1 | . . . . . 1 . . . . . EX-Prototype ID Bank 1 | . . . 1 . . . . . . . Fabricator Hacks 1 | . . . . . . 1 . . . . Build 1 | . . . . . . 1 . . . . Repair Station Hacks 2 | . . . . . . 2 . . . . Scan Component 1 | . . . . . . 1 . . . . Repair 1 | . . . . . . 1 . . . . Recycling Unit Hacks . | . . . . . . . . . . . Scanalyzer . | . . . . . . . . . . . Garrison Access Hacks . | . . . . . . . . . . . Unauthorized Hacks 2 | . . . . . . 2 . . . . Terminals 2 | . . . . . . 2 . . . . Botnet 2 | . . . . . . 2 . . . . Fabricators . | . . . . . . . . . . . Repair Stations . | . . . . . . . . . . . Recycling Units . | . . . . . . . . . . . Scanalyzers . | . . . . . . . . . . . Garrison Access . | . . . . . . . . . . . Data Cores Recovered . | . . . . . . . . . . . Used . | . . . . . . . . . . . Hacking Detections 12 | . 2 . . . 3 7 . . . . Full Trace Events 3 | . 1 . . . . 2 . . . . Feedback Events 1 | . . . . . . 1 . . . . Corruption 1 | . . . . . . 1 . . . . Feedback Blocked . | . . . . . . . . . . . Robot Schematics Acquired . | . . . . . . . . . . . Robots Built 1 | . . . . . . 1 . . . . Matter 219 | . . . . . . 219 . . . . Time 58 | . . . . . . 58 . . . . Total Robot Build Rating 3 | . . . . . . 3 . . . . Part Schematics Acquired 4 | . 2 . . . . . . . 2 . Parts Built . | . . . . . . . . . . . Matter . | . . . . . . . . . . . Time . | . . . . . . . . . . . Total Part Build Rating . | . . . . . . . . . . . Parts Repaired 1 | . . . . . . 1 . . . . Time 38 | . . . . . . 38 . . . . Parts Recycled . | . . . . . . . . . . . Recycled Matter . | . . . . . . . . . . . Retrieved Matter . | . . . . . . . . . . . Retrieved Components . | . . . . . . . . . . . Parts Scanalyzed . | . . . . . . . . . . . Part Schematics Acquired . | . . . . . . . . . . . Parts Damaged . | . . . . . . . . . . . Bothacking | -11 -10 -10 -10 -9 -8 -7 -7 -7 -7 -7 ------------ Run | Scr Mat Min Exi Min Mat Fac Low Low Zio Dee Used RIF Installer . | . . . . . . . . . . . Robots Hacked . | . . . . . . . . . . . Non-combat . | . . . . . . . . . . . Combat . | . . . . . . . . . . . Robot Hacks Applied . | . . . . . . . . . . . Relay Couplers Released 3 | . . . . . . 3 . . . . Programmers 3 | . . . . . . 3 . . . . Robots Rewired 2 | . . . . . . . . 2 . . Allies Hacked . | . . . . . . . . . . . Hacks Repelled . | . . . . . . . . . . . Allies | -11 -10 -10 -10 -9 -8 -7 -7 -7 -7 -7 -------- Run | Scr Mat Min Exi Min Mat Fac Low Low Zio Dee Total Allies 22 | . . . . 1 . 19 . 2 . . Largest Group 18 | . . . . 1 1 18 . 2 2 2 Highest-Rated Group 728 | . . . . 31 31 728 . 36 36 36 Highest-Rated Ally 74 | . . . . 31 31 74 . 20 20 20 Total Orders 4 | . . . . . . . . . 4 . STAY 2 | . . . . . . . . . 2 . FOLLOW 2 | . . . . . . . . . 2 . Ally Attacks 62 | . . . . 5 . 46 . . . 11 Total Damage 1089 | . . . . 104 . 797 . . . 188 Kills 10 | . . . . 3 . 5 . . . 2 Allies Corrupted . | . . . . . . . . . . . Allies Melted . | . . . . . . . . . . . Intel | -11 -10 -10 -10 -9 -8 -7 -7 -7 -7 -7 ------- Run | Scr Mat Min Exi Min Mat Fac Low Low Zio Dee Robot Analysis Total 1 | . . . . . 1 . . . . . Derelict Logs Recovered 7 | . . 2 . 1 . . 1 2 1 . Drone Launches . | . . . . . . . . . . . Drone Recoveries . | . . . . . . . . . . . Exploration | -11 -10 -10 -10 -9 -8 -7 -7 -7 -7 -7 ------------- Run | Scr Mat Min Exi Min Mat Fac Low Low Zio Dee Turns Passed 10448 | . 754 1207 1322 857 652 1472 652 731 1746 1055 Spaces Moved 5697 | 1 349 577 653 386 297 778 489 484 1270 413 Core . | . . . . . . . . . . . Treads 224 | . 177 . . . . 47 . . . . Legs 4617 | 1 172 577 653 386 297 731 489 208 910 193 Wheels 636 | . . . . . . . . 276 360 . Hover . | . . . . . . . . . . . Flight 220 | . . . . . . . . . . 220 Fastest Speed 21 | 120 120 200 200 200 120 120 125 115 130 21 Average Speed 151 | 120 146 200 200 200 180 140 125 122 132 82 Slowest Speed 260 | 120 200 200 200 200 200 260 125 205 145 190 Overloaded Moves . | . . . . . . . . . . . Propulsion Burnouts . | . . . . . . . . . . . Robots Hopped . | . . . . . . . . . . . Cave-ins Triggered . | . . . . . . . . . . . Exploration Rate (%) 57 | 2 64 91 88 80 28 21 53 63 86 60 Regions Visited 10 Branch Regions 7 Pre-discovered Areas 7 | . . 1 1 1 . . 1 1 2 . Known Exits Taken 4 | . . . . . . 1 1 1 1 . Unknown Exits Taken 6 | 1 1 1 1 1 1 . . . . . Scrap Searched 14 | . . 1 . 2 . . . 9 2 . Spaces Dug 23 | . . . . . . . 20 . 3 . Terrain Destroyed 251 | . . . . 6 57 43 58 84 3 . Melee 6 | . . . . . . . 3 . 3 . Projectile . | . . . . . . . . . . . AOE 245 | . . . . 6 57 43 55 84 . . Terrain Rammed . | . . . . . . . . . . . Walls Destroyed . | . . . . . . . . . . . Machines Disabled . | . . . . . . . . . . . Actions | -11 -10 -10 -10 -9 -8 -7 -7 -7 -7 -7 --------- Run | Scr Mat Min Exi Min Mat Fac Low Low Zio Dee Total 7075 | . 486 605 676 430 376 1018 521 594 1310 1059 Wait 730 | . 46 2 . 8 7 90 14 9 9 545 Move 5687 | . 348 576 652 385 296 777 488 483 1269 413 Hop . | . . . . . . . . . . . Pick Up 60 | . 14 5 8 6 8 11 . 3 1 4 Fast Attach 56 | . 3 . . . 8 24 4 5 7 5 Attach 20 | . 4 . . 3 3 4 . 1 . 5 Detach 8 | . . . . . 1 1 1 . . 5 Swap 42 | . 3 2 1 3 5 13 3 5 1 6 Drop 83 | . 8 6 12 3 13 19 4 6 6 6 Fire 252 | . 60 14 . 22 33 70 4 16 . 33 Melee 68 | . . . . . 2 9 3 . 17 37 Ram . | . . . . . . . . . . . Kick . | . . . . . . . . . . . Crush . | . . . . . . . . . . . Escape Stasis . | . . . . . . . . . . . Rewire 66 | . . . . . . . . 66 . . Trap 3 | . . . 3 . . . . . . . Miscellaneous . | . . . . . . . . . . . Route ------- -11/Scrapyard -10/Materials (discovered 2 exits: [*Mat] / [*Min]) -10/Mines (discovered 2 exits: [*Mat] / *Exi) -10/Exiles -9/Mines -8/Materials -7/Factory (discovered 2 exits: *Fac / *Low) -7/Lower Caves -7/Lower Caves -7/Zion (discovered 2 exits: *Dee / [*Pro]) -7/Deep Caves History --------- Turn | Location | Event 1 | -11/Scrapyard | Discovered new exit (range 0) 1 | -11/Scrapyard | Entered Materials 129 | -10/Materials | Discovered new exit (range 16) 307 | -10/Materials | Build established: Mutant 579 | -10/Materials | Discovered new exit (range 12) 755 | -10/Materials | Entered Mines 756 | -10/Mines | Assembled infested the area 788 | -10/Mines | Met a Derelict bent on vengeance 935 | -10/Mines | Found a hidden stash of uninstalled traps 1173 | -10/Mines | Deemed a non-threat by the Exiles lab entrance 1173 | -10/Mines | Discovered new exit (range 5) 1432 | -10/Mines | Learned location of Zion (-7) 1441 | -10/Mines | Core integrity fell below 50% 1530 | -10/Mines | Discovered new exit (range 10) 1962 | -10/Mines | Entered Exiles 2016 | -10/Exiles | Met 8R-AWN 2046 | -10/Exiles | Met EX-HEX 2104 | -10/Exiles | Met EX-BIN 2138 | -10/Exiles | Aligned with FarCom system 2140 | -10/Exiles | Given EX-Vault access code 2186 | -10/Exiles | Opened EX-Vault 2205 | -10/Exiles | Found Flying Fortress v7 2208 | -10/Exiles | Found 0b10 Alert Chip 2215 | -10/Exiles | Found Longsword +1 2264 | -10/Exiles | Warned to stay clear of 0b10 Research branches 2326 | -10/Exiles | Met EX-DEC 2413 | -10/Exiles | Visited The Gauntlet 3262 | -10/Exiles | Discovered new exit (range 10) 3284 | -10/Exiles | Stole three prototypes: Flying Fortress v7, 0b10 Alert Chip, Longsword +1 3284 | -10/Exiles | Entered Mines 3337 | -9/Mines | Lost 3 parts (2n1w) 3789 | -9/Mines | YI-UF0 nonchalantly dropped a Grenade Launcher on the ground 3793 | -9/Mines | Destroyed YI-UF0 3802 | -9/Mines | Found a damaged Exp. Sensor Array with a note attached 3808 | -9/Mines | Found Prototype Device 3815 | -9/Mines | Found Corrupted Prototype Launcher 4012 | -9/Mines | Received a Mining Laser from a helpful Derelict 4107 | -9/Mines | Discovered new exit (range 8) 4141 | -9/Mines | Entered Materials 4141 | -8/Materials | Accompanied by 1 ally 4141 | -8/Materials | Evolved 4 slots: Propulsion x2, Utility x2 4361 | -8/Materials | Discovered new exit (range 5) 4440 | -8/Materials | Destroyed 7 combat bots 4464 | -8/Materials | Build established: Scavenger-Mutant 4544 | -8/Materials | Identified YI-UF0's Doublenader 4642 | -8/Materials | Garrison activated, responded to threat 4793 | -8/Materials | Entered Factory 4793 | -7/Factory | Evolved 2 slots: Propulsion x1, Utility x1 4795 | -7/Factory | FarCom data flow suspended 5085 | -7/Factory | System corruption reached 10% 5256 | -7/Factory | Lost 3 parts (1n2u) 5454 | -7/Factory | System corruption reached 30% 5560 | -7/Factory | Cargo convoy interrupted 5593 | -7/Factory | First assault squad dispatched 5655 | -7/Factory | Discovered new exit (range 5) 5745 | -7/Factory | Build established: Mutant 5754 | -7/Factory | Discovered new exit (range 4) 5822 | -7/Factory | Repaired Carbon-fiber Leg 5894 | -7/Factory | Fabricated O-24 Administrator? 6192 | -7/Factory | Identified exit to Factory 6236 | -7/Factory | Identified exit to Lower Caves 6253 | -7/Factory | Build established: Scavenger-Mutant 6265 | -7/Factory | Entered Lower Caves 6270 | -7/Lower Caves | Identified Exp. Sensor Array 6332 | -7/Lower Caves | Encountered a Warlord checkpoint 6909 | -7/Lower Caves | Discovered new exit (range 7) 6916 | -7/Lower Caves | Identified exit to Lower Caves 6917 | -7/Lower Caves | Entered another Lower Caves area 7117 | -7/Lower Caves | Learned Factory terminal intel 7210 | -7/Lower Caves | Encountered a Warlord checkpoint 7269 | -7/Lower Caves | Build established: Mutant 7336 | -7/Lower Caves | Spotted OJ-V38(f) 7337 | -7/Lower Caves | Encountered a Master Thief 7337 | -7/Lower Caves | Spotted IT-MDW(f) 7338 | -7/Lower Caves | Encountered a Master Thief 7340 | -7/Lower Caves | Hvy. Missile Launcher stolen by Master Thief 7342 | -7/Lower Caves | Spotted H0-642(f) 7342 | -7/Lower Caves | Spotted O1-Z66(f) 7343 | -7/Lower Caves | Encountered a Master Thief 7343 | -7/Lower Caves | Encountered a Master Thief 7346 | -7/Lower Caves | Exp. Sensor Array stolen by Master Thief 7347 | -7/Lower Caves | Arm. Huge Wheel stolen by Master Thief 7348 | -7/Lower Caves | Imp. Cooling System stolen by Master Thief 7476 | -7/Lower Caves | Attracted the attention of an 0b10 outpost 7511 | -7/Lower Caves | Destroyed 7 combat bots 7637 | -7/Lower Caves | Discovered new exit (range 5) 7642 | -7/Lower Caves | Identified exit to Zion 7648 | -7/Lower Caves | Entered Zion 7648 | -7/Zion | Accompanied by 2 allies 7735 | -7/Zion | System corruption cleaned by Quarantine Array 7848 | -7/Zion | Discovered new exit (range 13) 8069 | -7/Zion | Found Prototype Processor 8069 | -7/Zion | Identified Exp. Armor Integrity Analyzer 8074 | -7/Zion | Found Exp. Armor Integrity Analyzer 8083 | -7/Zion | Found Prototype Processor 8083 | -7/Zion | Identified Exp. Terrain Scan Processor 8343 | -7/Zion | Learned 4 Factory zone layouts 8611 | -7/Zion | Learned location of Data Miner (-6) 9350 | -7/Zion | Discovered new exit (range 3) 9382 | -7/Zion | Identified exit to Deep Caves 9394 | -7/Zion | Entered Deep Caves 9394 | -7/Deep Caves | Accompanied by 2 allies 9638 | -7/Deep Caves | Attacked by Z-Imprinter 9659 | -7/Deep Caves | Core integrity fell below 50% 9695 | -7/Deep Caves | Destroyed Z-Imprinter 9698 | -7/Deep Caves | Found Prototype Device 9698 | -7/Deep Caves | Identified Zio. Metafield Generator 9705 | -7/Deep Caves | Lost 10 parts (1p5n3u1w) 9708 | -7/Deep Caves | Found Prototype Protection 9708 | -7/Deep Caves | Identified Zio. Weapon Casing 9741 | -7/Deep Caves | Z-Facility disabled 9807 | -7/Deep Caves | Spotted as-06726 9815 | -7/Deep Caves | Core integrity fell below 20% 9822 | -7/Deep Caves | Destroyed as-06726 9853 | -7/Deep Caves | Triggered Deep Caves wall 9857 | -7/Deep Caves | Exposed GOLEM chamber 9859 | -7/Deep Caves | Found GOLEM Unit 9916 | -7/Deep Caves | Destroyed 8 combat bots 10449 | -7/Deep Caves | Destroyed by as-71301 with Assembled Gauss Rifle Last Messages --------------- 09902_ Dropped Lgt. Nuclear Core. 09903_ Dropped Imp. Medium Armor Plating. 09903_ Dropped Shock Rifle. 09904_ Dropped Hvy. EM Shotgun. 10078_ Asb. Alloy Leg integration complete. 10079_ GOLEM Unit beginning Asb. Alloy Leg integration. 10278_ Asb. Alloy Leg integration complete. 10279_ GOLEM Unit beginning Asb. Focal Cannon integration. 10353_ Asb. Focal Cannon integration complete. 10355_ Dropped Imp. EM Pulse Cannon. 10356_ GOLEM Unit beginning Asb. Focal Cannon integration. 10430_ Asb. Focal Cannon integration complete. 10444_ Penetrated by Slug. 10445_ A GOLEM Unit tumbles out of the Wall Chamber. 10446_ Penetrated by Slug. 10446_ A GOLEM Unit tumbles out of the Wall Chamber. 10447_ 72-2FQ(g) destroyed. 10448_ GOLEM Unit springs to life. 10449_ as-45615 GOLEM Unit beginning Asb. Alloy Leg integration. 10449_ Penetrated by Slug. Map ----- +----------------------------------------------------+ | ??????????????????????????????????? | | ??????????????????????????????????? | | ??????????????????????????????????? | | ??????????????????????????????????? | | ??????????????????????????????????? | | ??????????????????????????????????? | | ??????????????????????????????????? | | ??????????????????????????????????? | | ??????????????????????????????????? | | ??????????????????????????????????? | | ?????????? ?????????????????????? | | ?????????" ???????????????????? | | ???????## ????????????????? | | ??????? g??????????????? | | ??????? ????????????? | | ???????? ????????????? | | ???????? ! ???????????? | | ???????? = ???????????? | | ???????? l ! ??????????? | | ????????? g ? ??????? | | ????????? ! ??????? | | ????????? s ??????? | | ????????? == ! | #?????? | | ?????????" M | #?????? | | ?????????" % | #?????? | | ??????#"""@ #?????? | | ??????#*"" =g = ##????? | | ??????#!!G] | [ #????? | | ??????###![ b #????? | | ????????"[ a #????? | | ????????" a ###### | | ????????" a | | ????????""" [ [ | | ????????" | | ????????"" % ###### | | ????????" " #??? | | ????????"" ##????? | | ????????" " # "#????? | | ????????" #;## ## ## ###????? | | ????????""" ###### ## ####??????? | | ?????????" ????#### #?????????? | | ?????????######???????###?????????? | | | | | | | | | | | | | | | | | +----------------------------------------------------+ Best States ------------- Heat Dissipation 61 Energy Generation 27 Energy Capacity 315 Matter Stores 300 Matter Capacity 300 Sight Range 16 Robot Scan Range 20 Terrain Scan Density 10 Jamming Range 8 Armor Coverage 825 Weapon Shielding 100 Evasion (%) 65 Target Analysis 8 Armor Integrity Analysis 50 Recoil Reduction 3 Item Schematics ----------------- Med. Storage Unit | -10/Materials | Hacked Lrg. Storage Unit | -10/Materials | Hacked Slug Cannon | -7/Zion | Free Plasma Flamer | -7/Zion | Free Robot Schematics ------------------ None Fabricated ------------ O-24 Administrator | x1 | -7/Factory | Preloaded Alien Tech Used ----------------- None Achievements -------------- None Challenges ------------ None Game ------ Seed ChargeMappingFlakker Manual? 0 Play Time 01:07:58 Cumulative 363.5 hours Start 2021.07.11 @ 17:58:49 End 2021.07.11 @ 20:10:15 Sessions 3 Manual Loads 0 Difficulty Rogue Special Mode None Game No. 394 Rogue 394 Adventurer 0 Explorer 0 Win Type - Total 32 Types 17/5/2/1/2/1/3/1/0 Lore% 93 Gallery% 88 Achievement% 80 Wizard Run 0 Options --------- ASCII 0 Keyboard 0 Movement Arrows Keybinds 0 Fullscreen 2 Font 18/Terminus Map View 76x50 Tactical HUD 1 Map Filters NONE Filters NONE Steam 1 RUN: 048b056a-e432-4129-b35e-2ecfa04e616d